 Dungeon Crawl Stone Soup version 0.31-a0-1036-g31867e143a (webtiles) character file.

Game seed: 13892707652579642751

39 Descartes the Covered (level 3, -8/27 HPs)
             Began as a Formicid Warper on Nov 19, 2023.
             Mangled by a gnoll
             ... wielding a +0 flail
              (9 damage)
             ... on level 2 of the Dungeon.
             The game lasted 00:01:23 (761 turns).

Descartes the Covered (Formicid Warper)              Turns: 761, Time: 00:01:24

Health: -8/27      AC:  5    Str: 17    XL:     3   Next: 67%
Magic:  6/6        EV: 11    Int: 12    God:
Gold:   76         SH:  0    Dex: 13    Spells: 6/6 levels left

rFire   + . .        a - +0 hand axe
rCold   . . .        (no shield)
rNeg    . . .        h - +2 leather armour {rF+}
rPois   +            (helmet unavailable)
rElec   .            (no cloak)
rCorr   .            (no gloves)
SInv    +            (no boots)
Will    .....        (no amulet)
Stlth   +            j - ring of poison resistance
HPRegen 0.24/turn    (no ring)
MPRegen 0.10/turn

%: no passive effects
@: no status effects
A: permanent stasis, dig shafts and tunnels, antennae 3, four strong arms
a: Dig, Shaft Self


You were on level 2 of the Dungeon.
You visited 1 branch of the dungeon, and saw 2 of its levels.

You collected 76 gold pieces.

Inventory:

Hand Weapons
 a - a +0 hand axe (weapon)
Missiles
 c - 7 darts of dispersal (quivered)
Armour
 h - a +2 leather armour of fire resistance (worn)
Jewellery
 j - a ring of poison resistance (left hand)
Scrolls
 b - a scroll of vulnerability {unknown}
 g - a scroll of identify {unknown}
 k - a scroll of torment {unknown}
 l - a scroll of enchant weapon {unknown}
Potions
 d - 2 potions of might {unknown}
 e - a potion of curing {unknown}
 f - a potion of heal wounds {unknown}
 i - a potion of magic {unknown}


   Skills:
 - Level 2.1 Fighting
 - Level 2.0 Axes
 - Level 1.0 Throwing
 + Level 3.6 Armour
 - Level 1.7 Dodging
 - Level 2.1 Spellcasting
 - Level 2.6 Translocations


You had 6 spell levels left.
You didn't know any spells.
Your spell library contained the following spells:

 Spells                   Type           Power      Damage    Failure   Level
 Lesser Beckoning         Tloc           14%        N/A       16%         2
 Teleport Other           Tloc           7%         N/A       32%         3
 Manifold Assault         Tloc           7%         N/A       71%         4
 Blink                    Tloc           Unusable   N/A       N/A         2
 Vhi's Electric Charge    Tloc/Air       Unusable   N/A       N/A         4

Dungeon Overview and Level Annotations

Branches:
Dungeon (2/15)

Altars:


Innate Abilities, Weirdness & Mutations

You cannot be hasted, slowed, berserked, paralysed or teleported.
You can dig through walls and to a lower floor.
You have a pair of large antennae on your head. (SInv)
Your four strong arms can wield two-handed weapons with a shield.


Message History

j - a ring of poison resistance (left hand)
k - a scroll labelled COIVAE QOC MAPH You now have 68 gold pieces (gained 4).
You now have 76 gold pieces (gained 8).
l - a scroll labelled YJOJUIGERE
Found a quarterstaff.
No target in view!
A gnoll comes into view. It is wielding a +0 whip.
A gnoll is nearby!
A gnoll comes into view.
It is wielding a +0 flail. 2 gnolls come into view.
The gnoll shouts! x2
The gnoll barely misses you.
You hit the gnoll.
The gnoll is moderately wounded.
The gnoll closely misses you.
You barely miss the gnoll.
The gnoll is moderately wounded.
The gnoll hits you with a +0 whip.
A quokka comes into view.
You hit the gnoll.
The gnoll is severely wounded.
The gnoll barely misses you. x2; The gnoll hits you with a +0 flail.
You hit the gnoll.
You kill the gnoll!
You barely miss the gnoll. The gnoll barely misses you.
You closely miss the gnoll. The gnoll hits you with a +0 flail.
You hit the gnoll.
The gnoll is heavily wounded.
You hit the gnoll but do no damage. The gnoll hits you with a +0 club.
The gnoll hits you with a +0 flail.
* * * LOW HITPOINT WARNING * * *
The gnoll hits you from afar with a +0 spear.
* * * LOW HITPOINT WARNING * * *
The gnoll attacks as it pursues you! The gnoll closely misses you.
The gnoll attacks as it pursues you! The gnoll misses you.
The gnoll attacks as it pursues you! The gnoll hits you with a +0 flail.
* * * LOW HITPOINT WARNING * * *
The gnoll attacks as it pursues you! The gnoll hits you with a +0 flail!
You die...

#...... #.....# ### .
+..)..#...
..#....)#.## {
......g....#
##.....r#..#.#
#.....g.....#
##......######### .
........g@......# ...
###....###......###
#.# ###.............#
#.## ######.#.##...#
###...
#.#.##...###.....
#.#..............
######.####...###.....
#...............+.....
#........##...###.....


You could see a gnoll.

Vanquished Creatures
  A gnoll (D:2)
  3 bats (D:1)
  2 endoplasms (D:1)
  10 hobgoblins (D:1)
  A kobold (D:1)
  A quokka (D:1)
  3 ball pythons (D:1)
  2 goblins (D:1)
  4 rats (D:1)
27 creatures vanquished.

Notes
Turn   | Place    | Note
-------+----------+-------------------------------------------
     0 | D:1      | Descartes the Formicid Warper began the quest for the Orb.
     0 | D:1      | Reached XP level 1. HP: 16/16 MP: 3/3
   124 | D:1      | Reached skill level 2 in Armour
   124 | D:1      | Reached XP level 2. HP: 12/22 MP: 5/5
   402 | D:1      | Reached skill level 3 in Armour
   402 | D:1      | Reached XP level 3. HP: 23/27 MP: 6/6
   760 | D:2      | HP: 1/27 [gnoll/+0 flail (4)]
   761 | D:2      | Mangled by a gnoll

Illustrated notes

Levels and vault maps discovered:
D:1:      saegor_arrival_simple_c, layout_basic
D:2:      layout_basic, uniq_jessica

Skill      XL: |  1  2 |
---------------+-------+-----
Armour         | 2 3 |  3.6
Fighting       | |  2.1
Axes           | |  2.0
Throwing       | |  1.0
Dodging        | |  1.7
Spellcasting   | |  2.1
Translocations | |  2.6

Action                     || total
---------------------------++-------
  Melee: Hand axe          ||    86
         Punch             ||     2
 Armour: Leather armour    ||    45
  Dodge: Dodged            ||    69

Table legend: (Time is in decaauts)
 A = Elapsed time spent in this place.
 B = Non-inter-level travel time spent in this place.
 C = Inter-level travel time spent in this place.
 D = Time resting spent in this place.
 E = Time spent auto-exploring this place.
 F = Levels seen in this place.
 G = Mean time per level.
                   A        B        C        D        E       F      G
               +--------+--------+--------+--------+--------+-----+--------+
         Total |    777 |    763 |     14 |      0 |    554 |   2 |  388.5 |
       Dungeon |    777 |    763 |     14 |      0 |    554 |   2 |  388.5 |
               +--------+--------+--------+--------+--------+-----+--------+

Top non-repeatable levels by time:
     D:1: 697 daAuts
     D:2: 80 daAuts
